AoeStats
← SlightlySaltedCamelCrisps

Nomad

503210864Analyzed
3v3 RM · 1mo ago on Aug 30, 2026· 76m 51s· 6 players
Game mode
Random Map
Map size
210×210
Population
200
Speed
Normal
Resources
Standard
Victory
Conquest
Starting age
Dark Age
Ending age
Imperial Age
RankedLock teamsTeams togetherTeam positionsShared explorationLock speedFull tech treeHidden civsTurbo modeCheats
Victory
Defeat
🇩🇪 Japanese · Germany
1296
+18
🇩🇪 Vietnamese · Germany
1232
+21
1232
+21
🇧🇷 Wu · Brazil
1373
-21
🇧🇷 Vietnamese · Brazil
1358
-21
🇧🇷 Franks · Brazil
1283
-17
Dudu
3:58 Loom
13:12 Feudal Age
13:49 Double-Bit Axe
15:28 Town Watch
15:43 Gold Mining
18:15 Castle Age
16:46 Fletching
18:52 Padded Archer Armor
18:52 Stone Mining
19:14 Bow Saw
19:43 Bodkin Arrow
20:37 Wheelbarrow
22:57 Medium Warships
23:52 Ballistics
25:21 Careening
26:36 Horse Collar
33:41 Imperial Age
34:31 Hand Cart
34:38 Bracer
35:48 Chemistry
36:21 Leather Archer Armor
35:43 Elite Rattan Archer
38:28 Ring Archer Armor
39:22 Paper Money
41:22 Heavy Warships
41:18 Heavy Plow
42:19 Scale Barding Armor
42:25 Forging
44:34 Chain Barding Armor
44:50 Iron Casting
44:40 Elite Battle Elephant
45:33 Bloodlines
45:25 Husbandry
46:02 Plate Barding Armor
45:31 Chatras
49:16 Two-Man Saw
Guii
10:42 Loom
12:47 Feudal Age
17:36 Castle Age
22:33 Medium Warships
22:55 Horse Collar
23:00 Double-Bit Axe
23:44 Arson
24:08 Scale Mail Armor
32:23 Wheelbarrow
31:34 Town Watch
32:05 Bow Saw
32:58 Heavy Plow
32:50 Gold Mining
32:51 Stone Mining
33:38 Red Cliffs Tactics
33:30 Fletching
34:59 Hand Cart
35:05 Bodkin Arrow
35:11 Padded Archer Armor
38:55 Imperial Age
36:31 Squires
38:22 Chain Mail Armor
38:01 Treadmill Crane
39:35 Ballistics
39:28 Masonry
39:51 Sitting Tiger
41:06 Chemistry
41:50 Plate Mail Armor
42:10 Gold Shaft Mining
42:10 Stone Shaft Mining
42:08 Forging
42:00 Bracer
41:29 Elite Fire Archer
42:35 Conscription
43:20 Two-Man Saw
42:04 Elite Fire Archer
44:18 Iron Casting
44:01 Leather Archer Armor
46:20 Onager
55:10 Coinage
54:53 Guilds
57:35 Architecture
56:33 Elite Skirmisher
57:37 Pikeman
59:46 Banking
59:16 Halberdier
60:15 Imperial Skirmisher
62:46 Blast Furnace
NPC_Caveira
3:50 Loom
13:41 Feudal Age
18:33 Castle Age
17:34 Double-Bit Axe
19:34 Scale Barding Armor
20:01 Husbandry
22:07 Chain Barding Armor
27:35 Town Watch
30:22 Scale Mail Armor
34:35 Forging
45:03 Imperial Age
45:31 Wheelbarrow
45:15 Cavalier
46:32 Plate Barding Armor
46:23 Gold Mining
48:53 Conscription
53:33 Light Cavalry
57:17 Iron Casting
jimima
5:19 Loom
13:01 Feudal Age
16:50 Castle Age
15:20 Stone Mining
16:13 Fletching
16:24 Double-Bit Axe
16:24 Horse Collar
17:44 Bow Saw
18:21 Heavy Plow
23:51 Bodkin Arrow
28:17 Ballistics
28:56 Padded Archer Armor
30:03 Leather Archer Armor
30:19 Forging
30:47 Scale Mail Armor
30:51 Pikeman
32:40 Murder Holes
32:54 Squires
35:17 Iron Casting
40:06 Imperial Age
38:30 Wheelbarrow
39:40 Thumb Ring
41:15 Paper Money
40:18 Elite Skirmisher
41:16 Imperial Skirmisher
42:28 Hand Cart
41:59 Town Watch
44:34 Chemistry
43:40 Bracer
44:10 Ring Archer Armor
45:13 Town Patrol
46:41 Two-Man Saw
46:14 Crop Rotation
48:44 Elite Rattan Archer
50:37 Siege Engineers
50:15 Treadmill Crane
52:15 Husbandry
52:26 Bloodlines
52:19 Light Cavalry
53:09 Scale Barding Armor
54:20 Chain Barding Armor
55:42 Plate Barding Armor
60:58 Chatras
64:51 Elite Fire Lancer
65:28 Arson
70:19 Halberdier
71:18 Chain Mail Armor
eastemnet
6:33 Loom
13:21 Feudal Age
15:14 Town Watch
17:52 Castle Age
16:24 Double-Bit Axe
16:26 Horse Collar
19:06 Bow Saw
21:21 Heavy Plow
23:37 Wheelbarrow
23:37 Fletching
25:06 Bodkin Arrow
26:23 Hand Cart
29:32 Sanctity
32:44 Imperial Age
29:37 Pikeman
30:19 Squires
30:51 Scale Mail Armor
30:54 Guard Tower
31:13 Stone Mining
31:18 Gold Mining
31:59 Murder Holes
35:24 Bracer
35:25 Padded Archer Armor
35:57 Conscription
36:06 Masonry
38:37 Chemistry
38:33 Ballistics
37:50 Halberdier
39:01 Leather Archer Armor
39:03 Chain Mail Armor
39:14 Thumb Ring
40:04 Keep
40:20 Bloodlines
40:11 Husbandry
41:17 Parthian Tactics
41:11 Siege Engineers
43:55 Heavy Cavalry Archer
52:23 Arson
54:46 Arrowslits
56:59 Yasama
57:36 Chain Mail Armor
57:32 Forging
58:17 Hoardings
59:51 Iron Casting
59:47 Plate Mail Armor
64:30 Elite Skirmisher
65:46 Ring Archer Armor
66:35 Imperial Skirmisher
SlightlySaltedCamelCrisps
7:14 Loom
14:36 Feudal Age
19:47 Castle Age
17:34 Double-Bit Axe
18:52 Gold Mining
18:54 Stone Mining
19:19 Town Watch
20:12 Wheelbarrow
20:47 Fishing Lines
21:31 Medium Warships
21:48 Bow Saw
23:15 Horse Collar
25:12 Gillnets
27:04 Heavy Plow
27:11 Fletching
28:47 Hand Cart
29:27 Scale Mail Armor
30:12 Tigui
31:45 Chain Mail Armor
33:57 Guard Tower
38:31 Imperial Age
36:20 Masonry
37:04 Gold Shaft Mining
37:04 Stone Shaft Mining
37:49 Bodkin Arrow
38:05 Forging
38:44 Ballistics
39:00 Squires
38:46 Arson
38:22 Man-at-Arms
40:16 Plate Mail Armor
40:21 Iron Casting
39:48 Long Swordsman
41:02 Conscription
40:31 Two-Handed Swordsman
41:21 Champion
42:31 Padded Archer Armor
45:20 Chemistry
47:11 Stone Shaft Mining
47:04 Elite Gbeto
47:20 Pikeman
48:25 Bloodlines
48:15 Husbandry
47:39 Heavy Camel Rider
48:38 Scale Barding Armor
48:58 Farimba
49:02 Murder Holes
49:38 Architecture
50:59 Light Cavalry
52:13 Chain Barding Armor
54:08 Plate Barding Armor
56:13 Hoardings
61:04 Treadmill Crane
73:27 Sappers
Connection lost

Rejoining the realm…

Still unreachable

The connection could not be restored.

Session expired

The server has moved on; the page needs a fresh start.